 Dungeon Crawl Stone Soup version 0.29.1-1-gd02db6906a (webtiles) character file.

Game seed: 14438788823750288453

269 H0rd4k the Ducker (level 6, 0/46 HPs)
             Began as a Human Artificer on Sept 28, 2022.
             Succumbed to a water moccasin's poison
             ... on level 4 of the Dungeon.
             The game lasted 00:04:26 (6226 turns).

H0rd4k the Ducker (Human Artificer)                 Turns: 6226, Time: 00:04:27

Health: 0/46       AC:  7    Str: 15    XL:     6   Next: 46%
Magic:  6/6        EV: 13    Int: 13    God:
Gold:   177        SH:  0    Dex: 16    Spells: 5/5 levels left

rFire   . . .      SeeInvis +   n - +1 dagger (venom)
rCold   + . .      Faith    .   (no shield)
rNeg    . . .      Spirit   .   v - +2 leather armour of the Grape {rC+ Str+3 Dex+2 SInv}
rPois   .          Reflect  .   t - +0 helmet
rElec   .          Harm     .   (no cloak)
rCorr   .          Rampage  .   s - +0 pair of gloves
Will    .....                   (no boots)
Stlth   ++........              (no amulet)
HPRegen 0.15/turn               (no ring)
MPRegen 0.10/turn               (no ring)

@: lethally poisoned (0 -> -9), attractive, hasted, very quick
A: no striking features
a: no special abilities


You were on level 4 of the Dungeon.
You visited 1 branch of the dungeon, and saw 4 of its levels.

You collected 177 gold pieces.

Inventory:

Hand Weapons
 n - a +1 dagger of venom (weapon)
Missiles
 w - 3 poisoned darts
Armour
 s - a +0 pair of gloves (worn)
 t - a +0 helmet (worn)
 v - the +2 leather armour of the Grape (worn) {rC+ Str+3 Dex+2 SInv}
   (You found it on level 3 of the Dungeon)

   Str:       It affects your strength (+3).
   Dex:       It affects your dexterity (+2).
   rC:        It protects you from cold.
   SInv:      It lets you see invisible.
Magical Staves
 l - a staff of fire
Wands
 c - a wand of flame (27) (quivered)
 d - a wand of charming (8)
 e - a wand of iceblast (5)
Scrolls
 b - 2 scrolls of enchant weapon {unknown}
 f - 4 scrolls of teleportation {unknown}
 g - a scroll of blinking {unknown}
 o - 2 scrolls of immolation {unknown}
 p - 6 scrolls of identify {unknown}
 q - a scroll of torment {unknown}
 r - a scroll of brand weapon {unknown}
 x - 2 scrolls of vulnerability {unknown}
 y - a scroll of noise {unknown}
Potions
 j - a potion of berserk rage {unknown}
 k - a potion of curing {unknown}
 m - a potion of lignification {unknown}
 u - a potion of haste


   Skills:
 + Level 2.8 Fighting
 + Level 1.4 Short Blades
 + Level 3.2 Maces & Flails
 - Level 2.0 Armour
 + Level 3.5 Dodging
 - Level 1.0 Stealth
 - Level 3.0 Evocations


You had 5 spell levels left.
You didn't know any spells.
Your spell library was empty.

Dungeon Overview and Level Annotations

Branches:
Dungeon (4/15)
 Temple: D:4-7

Altars:
Dithmenos

Shops:
D:3 (*

Annotations:
D:2 1 runed translucent door, exclusion: door, Crazy Yiuf


Message History

Okay, then.
It was a potion of magic.
Magic courses through your body. The water moccasin barely misses you.
It was a potion of heal wounds.
You feel much better. The water moccasin closely misses you.
The water moccasin bites you.
You are poisoned.
The water moccasin poisons you!
The water moccasin attacks as you move away!
The water moccasin barely misses you.
You feel sick.
You barely miss the water moccasin.
You feel sick.
The water moccasin bites you but does no damage.
You miss the water moccasin.
You feel sick.
The water moccasin completely misses you.
The water moccasin barely misses you.
You miss the water moccasin.
You feel sick. The water moccasin bites you!
You are more poisoned.
The water moccasin poisons you!
You miss the water moccasin.
You feel very sick. The water moccasin barely misses you.
You barely miss the water moccasin.
You feel very sick. The water moccasin closely misses you.
The water moccasin bites you.
* * * LOW HITPOINT WARNING * * *
It was a potion of attraction.
You feel attractive to monsters.
* * * LOW HITPOINT WARNING * * *
You feel very sick. The water moccasin bites you!
* * * LOW HITPOINT WARNING * * *
Okay, then.
Aiming: Charm
Press: ? - help, Shift-Dir - straight line, f/p - water moccasin
Aim: a water moccasin (chance to affect: 56%)
The water moccasin is charmed.
* * * LOW HITPOINT WARNING * * *
You feel sick.
Unknown command.
It was a potion of haste.
You feel yourself speed up.
You die...

#..###............#
####..##.............#
..#...##............##
...................##
.................### ##.
.................# ##...
##...............# #.....
##..........#....###
#......
#...........##.@S.##.......
##...........####..........
#............# ###........
# #............# #........#
# ##^..........# #.......##
## #...........# #......##
†# ##.........# ###...##
.## ##......## #..# ..#
#.....## ...


You could see a friendly water moccasin (charmed).

Vanquished Creatures
  A scorpion (D:4)
  A jelly (D:4)
  An iguana (D:2)
  A gnoll (D:2)
  5 adders
  2 worms
  4 dart slugs
  10 bats
  5 endoplasms
  8 giant cockroaches
  6 goblins
  6 hobgoblins
  4 quokkas
  7 ball pythons
  12 frilled lizards
  3 kobolds
  7 rats
  A spectral goblin (D:2)
84 creatures vanquished.

Vanquished Creatures (collateral kills)
  A gnoll (D:2)
  An endoplasm (D:1)
  A ball python (D:1)
3 creatures vanquished.

Vanquished Creatures (others)
  A gnoll (D:2)
  7 plants (D:1)
8 creatures vanquished.

Grand Total: 95 creatures vanquished

Notes
Turn   | Place    | Note
-------+----------+-------------------------------------------
     0 | D:1      | H0rd4k the Human Artificer began the quest for the Orb.
     0 | D:1      | Reached XP level 1. HP: 15/15 MP: 1/1
   328 | D:1      | Reached XP level 2. HP: 12/21 MP: 2/2
   906 | D:1      | Reached skill level 1 in Maces & Flails
   909 | D:1      | Reached XP level 3. HP: 16/27 MP: 3/3
  1953 | D:1      | Reached XP level 4. HP: 31/33 MP: 4/4
  3164 | D:2      | Reached XP level 5. HP: 27/38 MP: 5/5
  3485 | D:2      | Found a faded altar of an unknown god.
  3804 | D:2      | Found a runed translucent door.
  3805 | D:2      | Noticed Crazy Yiuf
  4099 | D:3      | Found Gergh's Weapon Shop.
  4180 | D:3      | Identified the +2 leather armour of the Grape {rC+ Str+3
                  | Dex+2 SInv}
  4446 | D:3      | Found Futel's General Store.
  5096 | D:4      | Reached skill level 1 in Short Blades
  5096 | D:4      | Reached XP level 6. HP: 7/46 MP: 6/6
  5691 | D:4      | Found a shadowy altar of Dithmenos.
  5874 | D:4      | Noticed a water moccasin
  6225 | D:4      | HP: 2/46 [poisoned by a water moccasin]
  6226 | D:4      | Succumbed to a water moccasin's poison

Illustrated notes

Levels and vault maps discovered:
D:1:      minmay_arrival_open_corners, layout_basic, serial_corexii_hall,
          chequers_hall_statues_y, corexii_hall_statues_x, minmay_lizard_king
D:2:      minmay_door_path, layout_basic,
          dreamdust_ecumenical_altar_drowned_temple, uniq_crazy_yiuf_cottage
D:3:      layout_basic, serial_shops, shop,
          nicolae_shop_competitors_out_of_business, serial_co_window_serial,
          co_window_corner_a, co_window_corner_a, co_window_paths_a,
          co_window_of_opportunity_a, co_window_cross_1, co_window_2corner,
          co_window_2corner, co_window_broadway_c, co_window_corner_b,
          co_window_broadway_b, glass_columns_a, glass_columns_a
D:4:      layout_cave_pods, nicolae_dithmenos_shadow_blocks,
          nemelex_xobeh_ov_fountains_minmay

Skill      XL: |  1  2  3  4  5  6 |
---------------+-------------------+-----
Maces & Flails | 1 2 3 |  3.2
Dodging        | 2 3 |  3.5
Fighting       | 2 |  2.8
Short Blades   | 1 |  1.4
Armour         | |  2.0
Stealth        | |  1.0
Evocations     | |  3.0

Action                   |  1- 3 |  4- 6 || total
-------------------------+-------+-------++-------
Melee: Club              |   145 |    24 ||   169
       Punch             |     1 |       ||     1
       Dagger            |       |   130 ||   130
Evoke: Wand              |     3 |    22 ||    25
  Use: Potion            |       |     4 ||     4
 Stab: Sleeping          |     2 |     6 ||     8
Armor: Leather armour    |    80 |    49 ||   129
Dodge: Dodged            |   171 |   109 ||   280
